[Event "Chinese Championship-B Men 2024"]
[Site "Liaocheng"]
[Date "2024.04.24"]
[Round "7.11"]
[White "Gong, Changda"]
[Black "Chen, Zhongkai"]
[Result "1-0"]
[WhiteElo "2170"]
[BlackElo "1832"]
[PlyCount "55"]
[EventDate "2024.04.24"]
[EventType "swiss"]
[EventCountry "CHN"]
[TimeControl "5400+30"]

1. c4 c5 2. g3 Nc6 3. Bg2 d6 4. Nc3 Nf6 5. Nf3 g6 6. d4 cxd4 7. Nxd4 Bd7 8. O-O Bg7 9. Nc2 O-O 10. b3 Rc8 11. Bb2 Qa5 12. Qd2 Qh5 13. Rfe1 Bh6 14. Qd1 Ng4 15. h3 Nf6 16. e4 Bg7 17. Nd5 Qxd1 18. Raxd1 Ne8 19. Nd4 Bxd4 20. Bxd4 Nc7 21. Bb2 Rfe8 22. Rd2 b5 23. Nxc7 Rxc7 24. cxb5 Na5 25. e5 Bxb5 26. exd6 Rd7 27. Rd5 a6 28. a4 1-0

[Event "Chinese Championship-B Men 2024"]
[Site "Liaocheng"]
[Date "2024.04.24"]
[Round "7.12"]
[White "Zhang, Haoxuan(Zj)"]
[Black "Hou, Yifan b"]
[Result "1/2-1/2"]
[WhiteElo "1851"]
[BlackElo "2161"]
[PlyCount "81"]
[EventDate "2024.04.24"]
[EventType "swiss"]
[EventCountry "CHN"]
[TimeControl "5400+30"]

1. e4 c5 2. Nf3 Nc6 3. c3 Nf6 4. e5 Nd5 5. d4 cxd4 6. cxd4 d6 7. Bc4 Nb6 8. Bb5 dxe5 9. Nxe5 Bd7 10. Bxc6 Bxc6 11. Nxc6 bxc6 12. O-O e6 13. Qf3 Qd5 14. Qxd5 cxd5 15. b3 Be7 16. Nd2 O-O 17. Bb2 Rfc8 18. Rac1 a5 19. Rxc8+ Nxc8 20. Rc1 a4 21. bxa4 Nb6 22. Rc6 Nxa4 23. Bc1 h6 24. Kf1 Bb4 25. Nb3 Kf8 26. a3 Be7 27. Nd2 Ke8 28. Nf3 Bf6 29. Bf4 Nb2 30. Ne5 g5 31. Bc1 Bxe5 32. Bxb2 Kd7 33. Rb6 Rb8 34. Rxb8 Bxb8 35. Ke2 Kc6 36. a4 Kb6 37. Bc3 h5 38. h3 g4 39. hxg4 hxg4 40. f3 gxf3+ 41. Kxf3 1/2-1/2

[Event "Chinese Championship-B Men 2024"]
[Site "Liaocheng"]
[Date "2024.04.24"]
[Round "7.13"]
[White "Xia, Jinnan"]
[Black "Cheng, Yuanda"]
[Result "1-0"]
[WhiteElo "1819"]
[BlackElo "2068"]
[PlyCount "135"]
[EventDate "2024.04.24"]
[EventType "swiss"]
[EventCountry "CHN"]
[TimeControl "5400+30"]

1. d4 Nf6 2. c4 c6 3. Nc3 d5 4. Nf3 e6 5. e3 Nbd7 6. Qc2 Bd6 7. b3 O-O 8. Be2 e5 9. dxe5 Nxe5 10. cxd5 cxd5 11. Nd4 a6 12. Bb2 Re8 13. Rd1 Qc7 14. h3 Bd7 15. Rc1 Rac8 16. O-O Qa5 17. Bd3 Bb4 18. Nde2 Ne4 19. a3 Bd6 20. Qd1 Ng5 21. f4 Nxh3+ 22. gxh3 Bxh3 23. fxe5 Rxe5 24. Rf3 Rg5+ 25. Kf2 Bg4 26. Qh1 h6 27. b4 Qd8 28. Nf4 d4 29. Ne4 dxe3+ 30. Kxe3 Rxc1 31. Bxc1 Bxf3 32. Qxf3 Rg1 33. Nxd6 Qxd6 34. Bb2 g5 35. Ne2 Rd1 36. Qe4 Kf8 37. Bd4 Qe6 38. Qxe6 fxe6 39. a4 Kf7 40. a5 h5 41. Be4 h4 42. Bxb7 h3 43. Bc5 h2 44. Ng3 e5 45. Kf2 Rg1 46. Bd5+ Kf6 47. Bg2 g4 48. Nh1 e4 49. Bxe4 Kg5 50. Bg2 Rd1 51. Kg3 Rd3+ 52. Kxh2 Kf4 53. Ng3 Rd8 54. Ne2+ Kf5 55. Nd4+ Kg6 56. Kg3 Kh5 57. Bf1 Re8 58. Be2 Re4 59. Bxa6 Re3+ 60. Kf4 Rc3 61. Be2 Kh4 62. Nf5+ Kh3 63. Bxg4+ Kg2 64. Ne3+ Kh2 65. a6 Ra3 66. a7 Ra4 67. Nf1+ Kg2 68. Bf3+ 1-0

[Event "Chinese Championship-B Men 2024"]
[Site "Liaocheng"]
[Date "2024.04.24"]
[Round "7.14"]
[White "Zhou, Yuxu"]
[Black "Chan, Wang Ip Boris"]
[Result "1/2-1/2"]
[WhiteElo "1789"]
[BlackElo "2011"]
[PlyCount "64"]
[EventDate "2024.04.24"]
[EventType "swiss"]
[EventCountry "CHN"]
[TimeControl "5400+30"]

1. d4 Nf6 2. c4 e6 3. Nf3 b6 4. g3 Bb7 5. Bg2 Be7 6. O-O O-O 7. Nc3 Ne4 8. Bd2 d6 9. d5 Nxd2 10. Nxd2 e5 11. b4 a5 12. bxa5 Rxa5 13. Nb3 Ra8 14. a4 Nd7 15. a5 Ba6 16. axb6 Bxc4 17. Na5 Nxb6 18. Nc6 Qd7 19. Qc2 g6 20. Rfb1 Rxa1 21. Rxa1 Ra8 22. Rxa8+ Nxa8 23. Na4 Bb5 24. Nc3 Bc4 25. Na4 Bb5 26. Nc3 Bc4 27. Bf3 Nb6 28. Na4 Bb5 29. Nxb6 cxb6 30. Qb3 Bxc6 31. dxc6 Qc7 32. Bd5 Bd8 1/2-1/2

[Event "Chinese Championship-B Men 2024"]
[Site "Liaocheng"]
[Date "2024.04.24"]
[Round "7.15"]
[White "Zhang, Zhi"]
[Black "He, Ping"]
[Result "1-0"]
[WhiteElo "1987"]
[BlackElo "1828"]
[PlyCount "79"]
[EventDate "2024.04.24"]
[EventType "swiss"]
[EventCountry "CHN"]
[TimeControl "5400+30"]

1. e4 e5 2. Nf3 Nc6 3. Nc3 Nf6 4. Bb5 Bb4 5. O-O O-O 6. Bxc6 bxc6 7. Nxe5 Re8 8. Nd3 Bxc3 9. dxc3 Nxe4 10. Re1 d5 11. f3 Nd6 12. Be3 Bf5 13. Bd4 Rxe1+ 14. Qxe1 Bxd3 15. cxd3 Qg5 16. a4 h5 17. Qf2 a6 18. Re1 Re8 19. Rxe8+ Nxe8 20. Qe3 Qxe3+ 21. Bxe3 f6 22. g4 hxg4 23. fxg4 g5 24. b4 Ng7 25. c4 dxc4 26. dxc4 Ne8 27. Bc5 Kf7 28. a5 Ke6 29. b5 cxb5 30. cxb5 Kd7 31. bxa6 Kc8 32. Kg2 Kb8 33. Kf3 Ng7 34. Ke4 Ne6 35. Be3 c6 36. Bd4 c5 37. Bxf6 Ka7 38. Kd5 Nf8 39. Bxg5 Kxa6 40. Be7 1-0

[Event "Chinese Championship-B Men 2024"]
[Site "Liaocheng"]
[Date "2024.04.24"]
[Round "8.1"]
[White "Xie, Kaifan"]
[Black "Zhang, Di"]
[Result "1/2-1/2"]
[WhiteElo "2393"]
[BlackElo "2303"]
[PlyCount "42"]
[EventDate "2024.04.24"]
[EventType "swiss"]
[EventCountry "CHN"]
[TimeControl "5400+30"]

1. d4 d5 2. c4 c6 3. Nf3 Nf6 4. Nc3 g6 5. h3 Bg7 6. cxd5 cxd5 7. Bf4 Nc6 8. e3 O-O 9. Be2 Ne4 10. Rc1 Be6 11. O-O f6 12. Qb3 Qd7 13. Na4 Rac8 14. Nc5 Nxc5 15. Rxc5 b6 16. Rcc1 Na5 17. Qa3 Nc4 18. Qa6 Nd6 19. Qa3 Nc4 20. Qa6 Nd6 21. Qa3 Nc4 1/2-1/2

[Event "Chinese Championship-B Men 2024"]
[Site "Liaocheng"]
[Date "2024.04.24"]
[Round "8.2"]
[White "Zhang, Ziji"]
[Black "Wu, Yixing"]
[Result "1-0"]
[WhiteElo "2392"]
[BlackElo "2348"]
[PlyCount "65"]
[EventDate "2024.04.24"]
[EventType "swiss"]
[EventCountry "CHN"]
[TimeControl "5400+30"]

1. d4 Nf6 2. Nf3 e6 3. e3 d5 4. Bd3 c5 5. b3 Nc6 6. O-O Be7 7. Bb2 O-O 8. Nbd2 b6 9. a3 Bb7 10. Qe2 Rc8 11. Rad1 Qc7 12. dxc5 bxc5 13. e4 d4 14. Nc4 e5 15. Nh4 g6 16. Bc1 Na5 17. Nxa5 Qxa5 18. f4 exf4 19. Rxf4 Rce8 20. Bb5 d3 21. Bxd3 Nh5 22. Rg4 c4 23. Bxc4 Bc8 24. Nxg6 Bc5+ 25. Kh1 Bxg4 26. Qxg4 Nf6 27. Qg5 Nxe4 28. Ne7+ Kh8 29. Bb2+ f6 30. Ng6+ Kg7 31. Rd7+ Re7 32. Rxe7+ Bxe7 33. Qxa5 1-0

[Event "Chinese Championship-B Men 2024"]
[Site "Liaocheng"]
[Date "2024.04.24"]
[Round "8.3"]
[White "Jiang, Qinyu"]
[Black "Chen, Zimu(Js)"]
[Result "1/2-1/2"]
[WhiteElo "2319"]
[BlackElo "2075"]
[PlyCount "84"]
[EventDate "2024.04.24"]
[EventType "swiss"]
[EventCountry "CHN"]
[TimeControl "5400+30"]

1. e4 d6 2. d4 Nf6 3. Nc3 e5 4. Nf3 Nc6 5. h3 exd4 6. Nxd4 Be7 7. g4 O-O 8. Bg2 Nxd4 9. Qxd4 c6 10. Bf4 Qa5 11. Bxd6 Bxd6 12. Qxd6 Rd8 13. Qf4 Qb4 14. Rb1 Qc4 15. Bf1 Qc5 16. Bd3 Be6 17. O-O h5 18. g5 Nd7 19. Kg2 Ne5 20. Rbd1 b5 21. Qg3 b4 22. Na4 Qd4 23. b3 c5 24. Rfe1 h4 25. Qxh4 c4 26. Bxc4 Qxd1 27. Rxd1 Rxd1 28. Qh5 Rd6 29. Bxe6 Rxe6 30. Nc5 Rd6 31. Nd3 Nxd3 32. cxd3 Rxd3 33. e5 Rd5 34. g6 fxg6 35. Qf3 Rad8 36. Qe4 a5 37. h4 Rc5 38. e6 Rf5 39. h5 Rd2 40. hxg6 Rfxf2+ 41. Kg3 Rg2+ 42. Kh3 Rh2+ 1/2-1/2

[Event "Chinese Championship-B Men 2024"]
[Site "Liaocheng"]
[Date "2024.04.24"]
[Round "8.4"]
[White "Wang, Hao B"]
[Black "Xi, Qi"]
[Result "1/2-1/2"]
[WhiteElo "2170"]
[BlackElo "2217"]
[PlyCount "84"]
[EventDate "2024.04.24"]
[EventType "swiss"]
[EventCountry "CHN"]
[TimeControl "5400+30"]

1. d4 d5 2. c4 c6 3. Nf3 Nf6 4. Nc3 e6 5. Qd3 dxc4 6. Qxc4 b5 7. Qd3 Nbd7 8. g3 Bb7 9. Bg2 a6 10. Ng5 Qb6 11. O-O Be7 12. a4 O-O 13. Be3 h6 14. d5 Nc5 15. d6 Nxd3 16. Bxb6 Bd8 17. Bxd8 Raxd8 18. Nge4 Nxe4 19. Nxe4 Nxb2 20. Nc5 Bc8 21. Bxc6 Nxa4 22. Rxa4 Rxd6 23. Bxb5 axb5 24. Rb4 Rd5 25. Rc1 Rfd8 26. Rxb5 Ba6 27. Rb2 Rc8 28. Ra1 Bxe2 29. Nxe6 Bf3 30. Nf4 Rdc5 31. Re1 g5 32. Ng2 Kg7 33. Rb3 Ba8 34. h4 Rd8 35. Rbe3 Kg6 36. hxg5 hxg5 37. Re8 Rxe8 38. Rxe8 Rc1+ 39. Kh2 Bf3 40. Re3 Bc6 41. g4 Rf1 42. Kg3 Bxg2 1/2-1/2

[Event "Chinese Championship-B Men 2024"]
[Site "Liaocheng"]
[Date "2024.04.24"]
[Round "8.5"]
[White "Chen, Hongsen"]
[Black "Meng, Yihan"]
[Result "1/2-1/2"]
[WhiteElo "2171"]
[BlackElo "2042"]
[PlyCount "61"]
[EventDate "2024.04.24"]
[EventType "swiss"]
[EventCountry "CHN"]
[TimeControl "5400+30"]

1. Nf3 d5 2. e3 Nf6 3. b3 Bf5 4. Bb2 e6 5. Be2 h6 6. O-O c6 7. d3 Be7 8. Nbd2 O-O 9. Re1 Bh7 10. Ne5 Nfd7 11. f4 Nxe5 12. fxe5 c5 13. d4 Nc6 14. a3 Qb6 15. Nf3 Rac8 16. Bd3 Bxd3 17. Qxd3 a5 18. Rab1 a4 19. dxc5 Qxc5 20. bxa4 Na5 21. Re2 Qc4 22. Bd4 Qxa4 23. Qb5 Qxb5 24. Rxb5 Ra8 25. a4 Nc6 26. c3 Rxa4 27. Rxb7 Raa8 28. Reb2 Rfb8 29. Kf2 Kf8 30. g4 Ke8 31. h4 1/2-1/2

[Event "Chinese Championship-B Men 2024"]
[Site "Liaocheng"]
[Date "2024.04.24"]
[Round "8.6"]
[White "Jin, Yueheng"]
[Black "Liu, Bei"]
[Result "1/2-1/2"]
[WhiteElo "2407"]
[BlackElo "1964"]
[PlyCount "95"]
[EventDate "2024.04.24"]
[EventType "swiss"]
[EventCountry "CHN"]
[TimeControl "5400+30"]

1. d4 d5 2. c4 c6 3. Nf3 Nf6 4. g3 g6 5. cxd5 cxd5 6. Bg2 Bg7 7. Nc3 Nc6 8. O-O O-O 9. Ne5 Bf5 10. Bf4 Rc8 11. Rc1 Qb6 12. Na4 Qa6 13. Nxc6 Rxc6 14. Rxc6 Qxc6 15. Nc3 Ne4 16. Qb3 Nxc3 17. bxc3 Be6 18. Qa3 b6 19. Qxa7 Qxc3 20. e3 Qb2 21. Qxe7 Qxa2 22. Qb4 Qa5 23. Rb1 Rc8 24. Bf1 Qxb4 25. Rxb4 Rc6 26. Ra4 h5 27. Ra8+ Kh7 28. Rb8 Bh6 29. Be5 Bg7 30. Bf4 Bh6 31. Bb5 Rc1+ 32. Kg2 Bxf4 33. gxf4 h4 34. h3 Bf5 35. Be2 Rb1 36. Bf3 Rb5 37. Rd8 Be6 38. Bg4 f5 39. Be2 Rb2 40. Bf3 Rb5 41. Rd6 Bf7 42. Be2 Rb2 43. Ba6 Kg7 44. Bb7 Kf8 45. Bc6 Rc2 46. Bb5 Rb2 47. Bc6 Rc2 48. Bb5 1/2-1/2

[Event "Chinese Championship-B Men 2024"]
[Site "Liaocheng"]
[Date "2024.04.24"]
[Round "8.7"]
[White "Jiang, Haochen"]
[Black "Xu, Ziyuan"]
[Result "1/2-1/2"]
[WhiteElo "2381"]
[BlackElo "1872"]
[PlyCount "94"]
[EventDate "2024.04.24"]
[EventType "swiss"]
[EventCountry "CHN"]
[TimeControl "5400+30"]

1. d4 Nf6 2. c4 g6 3. Nc3 Bg7 4. e4 O-O 5. Nf3 d6 6. Be2 e5 7. O-O exd4 8. Nxd4 Re8 9. f3 c6 10. Kh1 Na6 11. Be3 Nc7 12. Qd2 d5 13. cxd5 cxd5 14. Ndb5 Nxb5 15. Bxb5 Bd7 16. Bxd7 Qxd7 17. exd5 b5 18. Bd4 Rac8 19. Rad1 Rc4 20. b3 Ne4 21. fxe4 Rxd4 22. Qc2 Rc8 23. Qf2 Rb4 24. e5 Bxe5 25. Ne2 Rc2 26. Qe3 Qd6 27. Nd4 Bxd4 28. Rxd4 Rxd4 29. Qxd4 Qc5 30. Qd3 Rc1 31. Rd1 Qc3 32. Qf1 Rxd1 33. Qxd1 Kf8 34. d6 Ke8 35. Qe2+ Kf8 36. Qd1 Ke8 37. Qe2+ Kf8 38. Qe7+ Kg7 39. h4 Qc1+ 40. Kh2 Qf4+ 41. Kh3 Qf6 42. Kg3 Qc3+ 43. Kf2 Qd2+ 44. Kg1 Qc1+ 45. Kh2 Qf4+ 46. Kh3 Qf6 47. Qxa7 Qxd6 1/2-1/2

[Event "Chinese Championship-B Men 2024"]
[Site "Liaocheng"]
[Date "2024.04.24"]
[Round "8.8"]
[White "Jin, Hongtao"]
[Black "Gong, Changda"]
[Result "1/2-1/2"]
[WhiteElo "1903"]
[BlackElo "2170"]
[PlyCount "88"]
[EventDate "2024.04.24"]
[EventType "swiss"]
[EventCountry "CHN"]
[TimeControl "5400+30"]

1. d4 d5 2. c4 c6 3. cxd5 cxd5 4. Bf4 Nf6 5. e3 Nc6 6. Bd3 Bg4 7. f3 Bh5 8. Qb3 Qd7 9. Nc3 e6 10. Rc1 Bg6 11. Bb5 Rc8 12. Na4 Nh5 13. Bg5 Bd6 14. Nc5 Bxc5 15. Rxc5 a6 16. Bxc6 Rxc6 17. Rxc6 Qxc6 18. Ne2 O-O 19. Kd2 Rc8 20. Rc1 Qd7 21. Rxc8+ Qxc8 22. Qc3 Qd7 23. g4 Nf6 24. Bxf6 gxf6 25. b3 f5 26. Nf4 fxg4 27. fxg4 f6 28. Nxg6 hxg6 29. h4 g5 30. hxg5 fxg5 31. Qc5 Kf7 32. Kc3 Qd8 33. a4 Ke8 34. Kd3 Kd7 35. Ke2 Qb8 36. Qb6 Qc7 37. Qxc7+ Kxc7 38. b4 b5 39. a5 Kd6 40. Kd3 e5 41. Kc3 Ke6 42. Kd3 Kd6 43. Kc3 Ke6 44. Kd3 Kd6 1/2-1/2

[Event "Chinese Championship-B Men 2024"]
[Site "Liaocheng"]
[Date "2024.04.24"]
[Round "8.9"]
[White "Yao, Yuhang"]
[Black "Zhu, Yilun"]
[Result "0-1"]
[WhiteElo "1887"]
[BlackElo "2125"]
[PlyCount "58"]
[EventDate "2024.04.24"]
[EventType "swiss"]
[EventCountry "CHN"]
[TimeControl "5400+30"]

1. e4 c5 2. Nf3 Nc6 3. d4 cxd4 4. Nxd4 Qb6 5. Nb3 g6 6. Be3 Qb4+ 7. N1d2 Bg7 8. c3 Qd6 9. Be2 Nf6 10. O-O O-O 11. Qc2 Qc7 12. c4 d6 13. h3 b6 14. Rac1 Bb7 15. f4 Nd7 16. a3 Nc5 17. Nf3 a5 18. Nxc5 bxc5 19. e5 dxe5 20. Bxc5 e4 21. Nd2 Bd4+ 22. Bxd4 Nxd4 23. Qd1 Rfd8 24. Qe1 Qd6 25. Bd1 Nf5 26. Nb3 a4 27. c5 Qd5 28. c6 Ba6 29. c7 Rdc8 0-1

[Event "Chinese Championship-B Men 2024"]
[Site "Liaocheng"]
[Date "2024.04.24"]
[Round "8.10"]
[White "Pan, Shi Tian Yu"]
[Black "Xu, Wei"]
[Result "1-0"]
[WhiteElo "2166"]
[BlackElo "2047"]
[PlyCount "85"]
[EventDate "2024.04.24"]
[EventType "swiss"]
[EventCountry "CHN"]
[TimeControl "5400+30"]

1. d4 Nf6 2. c4 e6 3. g3 d5 4. Bg2 Be7 5. Nf3 O-O 6. O-O a5 7. Qc2 c6 8. Nbd2 Nbd7 9. e4 dxe4 10. Nxe4 a4 11. Bf4 Nxe4 12. Qxe4 Qb6 13. Qc2 c5 14. d5 exd5 15. cxd5 Bd6 16. Bxd6 Qxd6 17. Nd2 b6 18. Nc4 Qf6 19. d6 Ra7 20. Rad1 Ba6 21. Rfe1 h6 22. Ne3 Ne5 23. Qc3 Nd3 24. Rxd3 Bxd3 25. Qxd3 Rd7 26. Nd5 Qxd6 27. Qb5 Rb8 28. Qxa4 b5 29. Qg4 Ra7 30. a3 Ra4 31. Qe2 Kf8 32. Nc3 Ra5 33. Rd1 Qe7 34. Qc2 Kg8 35. Nd5 Qa7 36. Re1 Kh8 37. Re7 Qa6 38. Qxc5 b4 39. Qe3 bxa3 40. Re8+ Kh7 41. Be4+ g6 42. Rxb8 a2 43. Rh8+ 1-0

[Event "Chinese Championship-B Men 2024"]
[Site "Liaocheng"]
[Date "2024.04.24"]
[Round "8.11"]
[White "Yu, Chaojie"]
[Black "Xia, Jinnan"]
[Result "1/2-1/2"]
[WhiteElo "2047"]
[BlackElo "1819"]
[PlyCount "62"]
[EventDate "2024.04.24"]
[EventType "swiss"]
[EventCountry "CHN"]
[TimeControl "5400+30"]

1. e4 c5 2. Nf3 d6 3. d4 cxd4 4. Nxd4 Nf6 5. f3 a6 6. c4 e6 7. Nc3 Be7 8. Be3 Qc7 9. Be2 Nbd7 10. O-O O-O 11. Rc1 b6 12. Qd2 Bb7 13. Rfd1 Rac8 14. Bf1 Rfd8 15. Qf2 Qb8 16. a4 Bf8 17. Kh1 Ne5 18. Nb3 Nxc4 19. Bxc4 Rxc4 20. Bxb6 Rd7 21. Na5 Rc8 22. Nxb7 Qxb7 23. a5 d5 24. e5 Ne8 25. Ne2 Nc7 26. Qd4 Nb5 27. Qd3 Rxc1 28. Rxc1 d4 29. f4 g6 30. Ng3 Be7 31. Ne4 Kg7 1/2-1/2

[Event "Chinese Championship-B Men 2024"]
[Site "Liaocheng"]
[Date "2024.04.24"]
[Round "8.12"]
[White "Jiang, Bryan Liu"]
[Black "Zhang, Zhi"]
[Result "1/2-1/2"]
[WhiteElo "1800"]
[BlackElo "1987"]
[PlyCount "65"]
[EventDate "2024.04.24"]
[EventType "swiss"]
[EventCountry "CHN"]
[TimeControl "5400+30"]

1. d4 Nf6 2. c4 e6 3. Nf3 b6 4. g3 Bb7 5. Bg2 Be7 6. O-O O-O 7. Nc3 Ne4 8. Qc2 Nxc3 9. Qxc3 d6 10. b3 Nd7 11. Bb2 Be4 12. Rad1 a5 13. Ne1 Bxg2 14. Kxg2 d5 15. Nd3 c6 16. cxd5 cxd5 17. Rc1 Rc8 18. Qd2 Bd6 19. Rxc8 Qxc8 20. Rc1 Qb8 21. Qc3 Rd8 22. a4 Nf8 23. Qc6 Ng6 24. Qb5 Ne7 25. b4 Qa7 26. bxa5 Qxa5 27. Qxa5 bxa5 28. Bc3 Nc6 29. Rb1 Bb4 30. Bxb4 Nxb4 31. Nxb4 Rb8 32. Rc1 axb4 33. a5 1/2-1/2

[Event "Chinese Championship-B Men 2024"]
[Site "Liaocheng"]
[Date "2024.04.24"]
[Round "8.13"]
[White "Xie, Jianjun"]
[Black "Chen, Muxi"]
[Result "1-0"]
[WhiteElo "2384"]
[BlackElo "1828"]
[PlyCount "63"]
[EventDate "2024.04.24"]
[EventType "swiss"]
[EventCountry "CHN"]
[TimeControl "5400+30"]

1. d4 d5 2. c4 c6 3. Nc3 Nf6 4. cxd5 cxd5 5. Nf3 Nc6 6. Bf4 Bf5 7. e3 e6 8. Bb5 a6 9. Bxc6+ bxc6 10. Qa4 Qb6 11. Ne5 Rc8 12. O-O Be7 13. Rfc1 O-O 14. Qb3 Qxb3 15. axb3 Nh5 16. Rxa6 Nxf4 17. exf4 c5 18. Nc6 Bd6 19. dxc5 Bxc5 20. Nxd5 exd5 21. Rxc5 Rfe8 22. h3 Bd7 23. b4 Bxc6 24. Raxc6 Rb8 25. b5 d4 26. Rd6 Re1+ 27. Kh2 Rb1 28. Rc2 g5 29. fxg5 Rxb5 30. f4 Rb4 31. f5 Kg7 32. Rc8 1-0

[Event "Chinese Championship-B Men 2024"]
[Site "Liaocheng"]
[Date "2024.04.24"]
[Round "8.14"]
[White "Cheng, Zihan"]
[Black "Hou, Yifan b"]
[Result "1-0"]
[WhiteElo "1819"]
[BlackElo "2161"]
[PlyCount "75"]
[EventDate "2024.04.24"]
[EventType "swiss"]
[EventCountry "CHN"]
[TimeControl "5400+30"]

1. e4 c5 2. Nf3 Nc6 3. d4 cxd4 4. Nxd4 Nf6 5. Nc3 e5 6. Ndb5 d6 7. Nd5 Nxd5 8. exd5 Nb8 9. a4 Be7 10. Be2 O-O 11. O-O a6 12. Na3 Nd7 13. Nc4 a5 14. f4 exf4 15. Bxf4 Nb6 16. Ne3 Re8 17. Bd3 Bf6 18. Qf3 Nd7 19. c3 Ne5 20. Bxe5 Rxe5 21. Kh1 Bd7 22. Nc4 Qe7 23. Nxe5 Bxe5 24. Bf5 Bxf5 25. Qxf5 g6 26. Qg4 Rf8 27. Rae1 Kg7 28. Rf3 h5 29. Qf4 Re8 30. Qc4 Qg5 31. Ref1 Re7 32. b4 b6 33. Qb5 Qh4 34. h3 g5 35. Qxb6 axb4 36. Qd8 Ra7 37. cxb4 f6 38. Rxf6 1-0

[Event "Chinese Championship-B Men 2024"]
[Site "Liaocheng"]
[Date "2024.04.24"]
[Round "8.15"]
[White "Chan, Wang Ip Boris"]
[Black "Jin, Ruijun"]
[Result "0-1"]
[WhiteElo "2011"]
[BlackElo "1819"]
[PlyCount "86"]
[EventDate "2024.04.24"]
[EventType "swiss"]
[EventCountry "CHN"]
[TimeControl "5400+30"]

1. e4 c5 2. Nf3 d6 3. d4 cxd4 4. Nxd4 Nf6 5. Nc3 a6 6. Bg5 e6 7. f4 Nbd7 8. Qe2 Qc7 9. O-O-O b5 10. a3 Be7 11. g4 h6 12. Bxf6 Nxf6 13. h4 Rb8 14. Bg2 Nd7 15. g5 b4 16. axb4 Rxb4 17. g6 Bf6 18. gxf7+ Kxf7 19. e5 dxe5 20. Nd5 exd5 21. Bxd5+ Ke7 22. Nc6+ Kf8 23. Nxb4 exf4 24. Rhe1 Ne5 25. Nc6 Bg4 26. Nxe5 Bxe2 27. Ng6+ Ke8 28. Rxe2+ Be7 29. Rxe7+ Qxe7 30. Nxe7 Kxe7 31. c4 g5 32. hxg5 hxg5 33. Rg1 Kf6 34. Kd2 Kf5 35. Re1 g4 36. Be6+ Kg5 37. c5 f3 38. c6 g3 39. c7 f2 40. c8=Q Rxc8 41. Bxc8 g2 42. Re5+ Kg6 43. Bxa6 f1=Q 0-1

[Event "Chinese Championship-B Men 2024"]
[Site "Liaocheng"]
[Date "2024.04.25"]
[Round "9.1"]
[White "Xi, Qi"]
[Black "Zhang, Ziji"]
[Result "0-1"]
[ECO "D37"]
[WhiteElo "2217"]
[BlackElo "2392"]
[Annotator "TA"]
[PlyCount "132"]
[EventDate "2024.04.24"]
[EventType "swiss"]
[EventCountry "CHN"]
[SourceTitle "playchess.com"]
[Source "ChessBase"]
[SourceQuality "1"]
[TimeControl "5400+30"]

1. d4 d5 2. c4 e6 3. Nf3 Nf6 4. Nc3 Be7 5. Bf4 O-O 6. e3 c5 7. dxc5 Bxc5 8. a3 Nc6 9. Qc2 Qa5 10. Rd1 Re8 {[%emt 0:00:48] White must now prevent ...e5.} 11. Nd2 {[%emt 0:05:08] Black should prevent Nb3.} e5 12. Bg5 Nd4 {[%emt 0:00:59] Prevents Nb3. The position is equal.} 13. Qb1 (13. exd4 exd4+ 14. Be2 (14. Ne2 $2 Ng4 $19) 14... dxc3 15. Bxf6 (15. Nb3 $2 Qa4 $19) 15... cxd2+ (15... gxf6 16. Nb3 $11) 16. Rxd2 Rxe2+ (16... gxf6 $2 17. b4 $19) 17. Kxe2 gxf6 18. Rxd5 Qc7 $19) 13... Bf5 14. Bd3 Bxd3 15. Qxd3 Ne4 16. Nxd5 (16. exd4 exd4 17. O-O (17. Ncxe4 dxe4 18. Qg3 e3 $17) 17... dxc3 18. Nxe4 dxe4 19. Qxc3 Bxf2+ 20. Rxf2 Qxg5 $17) (16. Ncxe4 {simplifies} dxe4 17. Qxe4 Qb6 18. Qb1) 16... Nxg5 17. b4 Qd8 (17... e4 $2 18. Nxe4 $18) 18. bxc5 Nde6 19. h4 (19. Nb3 $5 Nxc5 20. Nxc5 Qa5+ 21. Qc3 Qxc5 22. O-O $15) 19... Nxc5 20. Qf5 $36 {[%emt 0:00:07][%mdl 2048] White is more active.} (20. Qb1 $5 Nge6 $8 21. g3 $11) 20... Nge6 21. Nf3 f6 {[%emt 0:11:12] Dodges Ng5} 22. h5 {[%emt 0:00:39] Strongly threatening h6.} h6 (22... Qa5+ $11 23. Nd2 Rf8) 23. Rh3 (23. O-O $16) 23... Ng5 24. Nxg5 fxg5 25. Rf3 Kh8 (25... e4 $11 26. Qf7+ Kh8) 26. e4 (26. Qg6 $1 $16 Re6 27. Nf6 Qxf6 (27... Qa5+ $2 28. Kf1 $18) 28. Rxf6 Rxf6 29. Qb1) 26... Ne6 27. Qxe5 {[%emt 0:02:04][%cal Od5f6] And now Nf6! would win.} Nc5 28. Qb2 (28. Qf5 $11 {remains equal.}) 28... Rxe4+ $17 29. Kf1 {[%emt 0:00:40] [#]} Qe8 $1 {[%emt 0:18:07] Wards off Rf7} 30. g3 Qxh5 (30... Rxc4 31. Kg2 $11) 31. Kg2 {[%emt 0:00:10] Wards off Qh1+} Qg6 {[%emt 0:01:25][%cal Ob7b6] Inhibits Nf6.} (31... Rxc4 32. Ne3 g4 33. Rf5 $16) (31... g4 {keeps more tension.} 32. Re3 Qf7 33. Rd4 Rae8) 32. Qc2 Kh7 33. Re3 Rae8 {[%emt 0:01:06] Wards off Ne7} 34. Rxe4 Qxe4+ 35. Qxe4+ Rxe4 {[%emt 0:00:06][%mdl 4096] Endgame. KRN-KRN} 36. Ne3 Kg6 37. Rd5 b6 38. Rd6+ Re6 39. Rd8 Kf7 40. Ra8 Re7 41. g4 Rd7 42. Kf3 Kf6 43. Nd5+ Ke5 {[%emt 0:00:35] Hoping for ...Kd4.} 44. Ke3 {[%emt 0:00:15] [#]} b5 45. Rc8 bxc4 46. Nb4 Ne6 {[%emt 0:00:54] ...Rc7 is the strong threat.} 47. Rxc4 Nf4 48. Rc5+ Ke6 49. Ra5 Kd6 50. f3 g6 51. Ke4 ({Better is} 51. Nd3 $15) 51... Rc7 52. Ra6+ ({White should play} 52. Kd4) 52... Kc5 {[%emt 0:01:04] ( -> ...Re7+)} 53. Nd3+ Kb5 54. Rd6 Rc4+ 55. Ke5 Nxd3+ 56. Rxd3 {[%emt 0:00:00] KR-KR} Rf4 57. Rd5+ Ka4 (57... Kc4 $17 {[%cal Oh6h5] ...h5! would now be deadly.} 58. Ra5 Rxf3 59. Rxa7 (59. Ra4+ Kd3 $17) 59... h5) 58. Rd6 $15 a5 $1 ({Much weaker is} 58... Kxa3 59. Ra6+ Kb4 60. Rxa7 $11) 59. Rxg6 Rxf3 60. Rxh6 Rf4 $1 ({Reject} 60... Rxa3 61. Kf5 $11) ({Don't play} 60... Kxa3 61. Rg6 $11) 61. Rh3 Rxg4 62. Rc3 Rg1 (62... Rg2 $15) 63. Kf5 $2 {[%emt 0:00:22] White does not recover from this.} (63. Ke4 $17) 63... Rb1 $19 64. Kxg5 Rb3 65. Rc5 Rb5 (65... Rxa3 $2 66. Kf5 $19) 66. Rxb5 Kxb5 {[%emt 0:00:04] Weighted Error Value: White=0.17 (very precise) /Black=0.13 (very precise) .  Loses game:     	White=1     	---        Mistake:       	White=5     	Black=5      Inaccurate:     	White=2     	Black=2      OK:         	White=22    	Black=18     Best:        	White=6     	Black=12     Strong:       	---       	Black=3} 0-1